 Dungeon Crawl Stone Soup version 0.23.2-33-g5129a83184 (webtiles) character file.

Game seed: 4043381113996903528

247 Kold the Conjurer (level 5, -6/38 HPs)
             Began as a Draconian Conjurer on July 17, 2019.
             Hit by a tomahawk thrown by an orc warrior (19 damage)
             ... on level 3 of the Dungeon.
             The game lasted 00:05:56 (3221 turns).

Kold the Conjurer (Draconian Conjurer)              Turns: 3221, Time: 00:05:57

Health: -6/38      AC:  5    Str: 10    XL:     5   Next: 85%
Magic:  11/11      EV: 12    Int: 17    God:
Gold:   161        SH:  0    Dex: 11    Spells: 5/12 levels left

rFire    + . .     SeeInvis .   d - +1 dagger (venom)
rCold    . . .     Gourm    .   (no shield)
rNeg     . . .     Faith    .   (armour unavailable)
rPois    .         Spirit   .   (helmet restricted)
rElec    .         Reflect  .   (no cloak)
rCorr    .         Harm     .   (no gloves)
MR       .....                  (no boots)
Stlth    ++........             (no amulet)
HPRegen  0.12/turn              n - ring of protection from fire
MPRegen  0.12/turn              (no ring)

@: no status effects
A: unfitting armour, cold-blooded, AC +5
a: no special abilities


You were on level 3 of the Dungeon.
You were not hungry.

You visited 1 branch of the dungeon, and saw 3 of its levels.

You collected 161 gold pieces.

Inventory:

Hand Weapons
 d - a +1 dagger of venom (weapon)
Jewellery
 n - a ring of protection from fire (left hand)
Wands
 l - a wand of iceblast (9)
Scrolls
 a - a scroll of immolation {unknown}
 e - 5 scrolls of identify {unknown}
 f - a scroll of remove curse {unknown}
 g - a scroll of magic mapping {unknown}
 i - a scroll of blinking {unknown}
 j - 2 scrolls of noise {unknown}
 k - a scroll of teleportation {unknown}
 m - a scroll of fog {unknown}
Potions
 c - a potion of cancellation {unknown}
 h - 3 potions of curing {unknown}
Comestibles
 b - 6 rations
 o - a chunk of flesh


   Skills:
 - Level 2.0 Dodging
 - Level 2.0 Stealth
 - Level 4.0 Spellcasting
 + Level 5.8 Conjurations


You had 5 spell levels left.
You knew the following spells:

 Your Spells              Type           Power        Failure   Level  Hunger
a - Magic Dart            Conj           ###.         1%          1    None
b - Searing Ray           Conj           ###...       2%          2    ##.....
c - Iskenderun's Mystic   Conj           ###.....     14%         4    ####...

Your spell library contained the following spells:

 Spells                   Type           Power        Failure   Level  Hunger
 Dazzling Spray           Conj/Hex       ##....       14%         3    ###....
 Force Lance              Conj/Tloc      ##......     43%         4    ####...
 Fulminant Prism          Conj/Hex       ##........   43%         4    ####...


Dungeon Overview and Level Annotations

Branches:
Dungeon (3/15)

Altars:
Elyvilon
Okawaru
Ru
The Shining One


Innate Abilities, Weirdness & Mutations

Your plain brown scales are hard. (AC +5)
You cannot fit into any form of body armour.
You are cold-blooded and may be slowed by cold attacks.


Message History

You see here a stone.
Things that are here:
a +0 club; a goblin corpse You start resting.
The orc warrior is too close now for your liking.
Casting: Searing Ray (safe; 2% risk of failure)
Confirm with . or Enter, or press ? or * to list all spells.
Aiming: Magic Dart (safe; 1% risk of failure)
Press: ? - help, Shift-Dir - straight line, f - orc warrior
Aim: an orc warrior, wielding a +0 long sword and wearing a +0 plate armour (hasn't noticed you)
The magic dart hits the orc warrior but does no damage.
The orc warrior shouts!
You hear a shout!
The orc warrior throws a tomahawk.
The tomahawk hits you!!
* * * LOW HITPOINT WARNING * * *
There is an open door here.
The orc warrior throws a tomahawk.
The tomahawk completely misses you.
You see here a tomahawk.
The orc warrior throws a tomahawk.
The tomahawk hits you!!
Ouch! That really hurt!
You die...

#. ####. #..'.
#######.##.
#.....#.##.
#.....#..'.
#####.....####.
######...#(....'....
#..@...........###..
#...(..........# #..
#.........####.# #..
######'##.o..#.# #..
#.##.##.#.###..
#....##'#....##
#####........#
#........##
#...(......


You could see an orc warrior.

Vanquished Creatures
  An orc priest (D:3)
  2 orc wizards (D:3)
  6 adders
  3 worms
  2 dart slugs
  2 leopard geckos (D:3)
  6 orcs (D:3)
  13 bats
  5 giant cockroaches
  7 goblins
  8 hobgoblins
  4 jackals
  2 quokkas (D:1)
  A ball python (D:1)
  2 frilled lizards (D:1)
  8 kobolds
  14 rats
86 creatures vanquished.

Notes
Turn   | Place    | Note
-------+----------+-------------------------------------------
     0 | D:1      | Kold the Draconian Conjurer began the quest for the Orb.
     0 | D:1      | Reached XP level 1. HP: 14/14 MP: 3/3
   472 | D:1      | Reached XP level 2. HP: 20/20 MP: 1/5
   924 | D:1      | Reached XP level 3. HP: 26/26 MP: 2/6
  1607 | D:2      | Found a white marble altar of Elyvilon.
  1653 | D:2      | Found an iron altar of Okawaru.
  1717 | D:2      | Reached XP level 4. HP: 33/33 MP: 4/8
  2180 | D:3      | Reached skill level 5 in Conjurations
  2388 | D:3      | Found a sacrificial altar of Ru.
  2427 | D:3      | Learned a level 2 spell: Searing Ray
  2432 | D:3      | Learned a level 4 spell: Iskenderun's Mystic Blast
  2594 | D:3      | Reached XP level 5. HP: 38/38 MP: 7/10
  2772 | D:3      | Noticed an orc warrior
  2847 | D:3      | Found a glowing golden altar of the Shining One.
  3221 | D:3      | Hit by a tomahawk thrown by an orc warrior

Skill      XL: |  1  2  3  4  5 |
---------------+----------------+-----
Dodging        | 2 |  2.0
Stealth        | 2 |  2.0
Spellcasting   | 3 4 |  4.0
Conjurations   | 5 |  5.8

Action                   |  1- 3 |  4- 6 || total
-------------------------+-------+-------++-------
Melee: Unarmed           |    30 |       ||    30
       Tailslap          |     5 |     3 ||     8
       Dagger            |    38 |    24 ||    62
 Cast: Magic Dart        |    76 |    78 ||   154
       Searing Ray       |       |     1 ||     1
 Stab: Sleeping          |     1 |       ||     1
  Eat: Chunk             |     3 |     5 ||     8
Armor: Skin              |    31 |    14 ||    45
Dodge: Dodged            |    69 |    21 ||    90
